 Dungeon Crawl Stone Soup version 0.16.1-18-g436b03c (webtiles) character file.

446 tesudzi the Martial Artist (level 6, -5/46 HPs)
             Began as a Vampire Monk on Apr 27, 2015.
             Slain by an orc priest
             ... wielding a +0 hand axe
              (6 damage)
             ... on level 4 of the Dungeon.
             The game lasted 00:07:57 (3358 turns).

tesudzi the Martial Artist (Vampire Monk)           Turns: 3358, Time: 00:07:58

Health: -5/46      AC:  4    Str: 10    XL:     6   Next: 73%
Magic:  6/6        EV: 13    Int: 12    God:
Gold:   301        SH:  0    Dex: 18    Spells: 0 memorised, 5 levels left

rFire  . . .     SeeInvis +     q - +2 dagger (elec)
rCold  . . .     Clarity  .     r - +0 leather armour (curse)
rNeg   + . .     SustAb   .     (no shield)
rPois  .         Gourm    .     (no helmet)
rElec  .         Spirit   .     t - +0 cloak
rCorr  .         Warding  .     (no gloves)
rMut   .         Stasis   .     (no boots)
MR     .....                    j - amulet of regeneration
Stlth  ++........               (no ring)
                                (no ring)

@: lethally poisoned (-5 -> -11), not resistant to hostile enchantments,
unstealthy
A: bottle blood, fangs 3, see invisible, unbreathing
a: Bat Form


You were on level 4 of the Dungeon.
You were not thirsty.

You visited 1 branch of the dungeon, and saw 4 of its levels.

You collected 301 gold pieces.

Inventory:

Hand weapons
 q - a +2 dagger of electrocution (weapon)
 x - a cursed -3 blowgun
 C - a +0 blowgun
Missiles
 c - 14 stones (quivered)
 y - 7 needles of slowing
 E - 2 poisoned needles
Armour
 a - a +0 robe
 n - a +0 shield
 r - a cursed +0 leather armour (worn)
 t - a +0 cloak (worn)
Magical staves
 v - an uncursed staff of power
Jewellery
 j - an amulet of regeneration (around neck)
Magical devices
 b - a wand of enslavement (13)
 B - a wand of magic darts (27)
Scrolls
 d - 3 scrolls of enchant armour {unknown}
 e - 3 scrolls of magic mapping {unknown}
 f - 7 scrolls of identify {unknown}
 g - 3 scrolls of teleportation {unknown}
 l - 4 scrolls of remove curse {unknown}
 m - 2 scrolls of amnesia {unknown}
 o - a scroll of immolation {unknown}
 p - 2 scrolls of enchant weapon {unknown}
 s - a scroll of fear {unknown}
Potions
 h - a potion of restore abilities
 i - a potion of resistance {unknown}
 k - a potion of magic
 u - a potion of might {unknown}
 w - a potion of cancellation {unknown}
 z - a potion of agility {unknown}
 D - a potion of curing {unknown}


   Skills:
 - Level 2.6 Fighting
 - Level 3.2 Dodging
 - Level 3.0 Stealth
 + Level 8.9 Unarmed Combat


You had 5 spell levels left.
You didn't know any spells.

Dungeon Overview and Level Annotations

Branches:
Dungeon (4/15)
 Temple: D:4-7

Altars:
Ashenzari
Cheibriados
Elyvilon
Fedhas
The Shining One

Annotations:
D:2 Sigmund


Innate Abilities, Weirdness & Mutations

You can bottle blood from corpses.
You have razor-sharp teeth.
You have supernaturally acute eyesight.
You can survive without breathing.


Message History

The orc priest closely misses you.
Drink which item? (? for menu, Esc to quit)
It was a potion of restore abilities.
You feel refreshed. The rat bites you but does no damage.
The orc wizard hits you but does no damage.
The orc priest barely misses you.
Drink which item? (? for menu, Esc to quit)
It was a potion of magic.
Magic courses through your body.
The rat twitches its whiskers.
The rat bites you but does no damage.
The orc wizard hits you but does no damage.
The orc priest misses you.
Drink which item? (? for menu, Esc to quit)
It was a potion of poison.
That liquid tasted very nasty...
You are lethally poisoned!
* * * LOW HITPOINT WARNING * * *
You feel sick. The rat misses you. The orc wizard barely misses you.
The orc priest hits you with a hand axe.
You die...

..####### .## .# ## ##
.#### ###
....#########.##########
..........%.....oo.....##
..########......@r.......
..# ###..######..... ..##
#### . #..## ##..##
##..## ##..## ##..###
##...##


You could see an orc priest, an orc wizard (invisible) and a rat.

Vanquished Creatures
  An ogre (D:4)
  An orc priest (D:3)
  3 orc wizards
  A centaur skeleton (D:4)
  An iguana (D:4)
  Ijyb (D:2)
  6 adders
  A giant mite (D:2)
  A worm (D:1)
  6 giant geckos
  2 oozes (D:2)
  13 orcs
  7 giant cockroaches
  13 hobgoblins
  3 jackals
  12 kobolds
  3 quokkas
  A ball python (D:4)
  11 bats
  7 giant newts
  9 goblins
  10 rats
113 creatures vanquished.

Notes
Turn   | Place    | Note
--------------------------------------------------------------
     0 | D:1      | tesudzi, the Vampire Monk, began the quest for the Orb.
     0 | D:1      | Reached XP level 1. HP: 17/17 MP: 1/1
   162 | D:1      | Reached XP level 2. HP: 21/23 MP: 2/2
   214 | D:1      | Reached skill level 5 in Unarmed Combat
   649 | D:1      | Reached XP level 3. HP: 28/28 MP: 3/3
   811 | D:2      | Noticed Sigmund
  1154 | D:2      | Noticed Ijyb
  1161 | D:2      | Killed Ijyb
  1161 | D:2      | Reached skill level 6 in Unarmed Combat
  1161 | D:2      | Reached XP level 4. HP: 15/34 MP: 4/4
  1808 | D:3      | Found a blossoming altar of Fedhas.
  1895 | D:3      | Found a white marble altar of Elyvilon.
  1897 | D:3      | Found a shattered altar of Ashenzari.
  1916 | D:3      | Reached XP level 5. HP: 39/39 MP: 5/5
  1921 | D:3      | Reached skill level 7 in Unarmed Combat
  2280 | D:3      | Found a glowing golden altar of the Shining One.
  2282 | D:3      | Found a snail-covered altar of Cheibriados.
  2429 | D:4      | Reached skill level 8 in Unarmed Combat
  2442 | D:4      | Reached XP level 6. HP: 46/46 MP: 6/6
  2798 | D:4      | Noticed an ogre
  2806 | D:4      | Killed an ogre
  3355 | D:4      | HP: 1/46 [orc wizard/puff of flame (6)]
  3358 | D:4      | Slain by an orc priest

Action                   |  1- 3 |  4- 6 || total
-------------------------+-------+-------++-------
Melee: Unarmed           |   123 |     7 ||   130
       Dagger            |       |   182 ||   182
  Use: Potion            |       |     3 ||     3
 Stab: Sleeping          |    10 |     4 ||    14
  Eat: Corpse            |     8 |     4 ||    12
